 Dungeon Crawl Stone Soup version 0.28.0-53-g5a82cb258f (webtiles) character file.

Game seed: 4324331418808270499

11 clackabat the Slasher (level 2, 20/23 HPs)
             Began as a Barachi Gladiator on July 14, 2022.
             Was a Follower of Zin.
             Quit the game on level 1 of the Dungeon.
             The game lasted 00:00:44 (169 turns).

clackabat the Slasher (Barachi Gladiator)            Turns: 169, Time: 00:00:44

Health: 20/23      AC:  4    Str: 15    XL:     2   Next: 25%
Magic:  2/2        EV: 12    Int:  8    God:    Zin [*.....]
Gold:   10         SH:  0    Dex: 13    Spells: 1/1 levels left

rFire   . . .      SeeInvis .   a - +0 long sword
rCold   . . .      Faith    .   (no shield)
rNeg    . . .      Spirit   .   b - +0 leather armour
rPois   .          Reflect  .   c - +0 helmet
rElec   .          Harm     .   (no cloak)
rCorr   .          Rampage  .   (no gloves)
Will    .....                   (no boots)
Stlth   +.........              (no amulet)
HPRegen 0.07/turn               (no ring)
MPRegen 0.08/turn               (no ring)

@: slow
A: amphibious, slowness 1, strong legs 1, +LOS
a: Hop, Renounce Religion, Recite, Donate Gold


You were on level 1 of the Dungeon.
You worshipped Zin.
Zin was aware of your devotion.
You visited 1 branch of the dungeon, and saw 1 of its levels.

You collected 11 gold pieces.
You donated 1 gold pieces to Zin.

Inventory:

Hand Weapons
 a - a +0 long sword (weapon)
Missiles
 d - 3 throwing nets (quivered)
Armour
 b - a +0 leather armour (worn)
 c - a +0 helmet (worn)
Potions
 e - a potion of ambrosia {unknown}
 f - a potion of heal wounds {unknown}


   Skills:
 - Level 2.4 Fighting
 * Level 4.4 Long Blades
 - Level 2.0 Throwing
 - Level 3.2 Dodging


You had one spell level left.
You didn't know any spells.
Your spell library was empty.

Dungeon Overview and Level Annotations

Branches:
Dungeon (1/15)

Altars:
Zin


Innate Abilities, Weirdness & Mutations

You are amphibious.
You cover ground slowly.
You can hop short distances.
You have an extended range of vision and can be seen from far away.


Message History

A kobold comes into view. It is wielding a +0 club.
The kobold shouts!
You slash the kobold!
You kill the kobold!
The rat bites something.
You hit the kobold.
The kobold is severely wounded.
The kobold closely misses you.
The rat bites something.
You completely miss the kobold.
The kobold is severely wounded.
The kobold hits you with a +0 club.
The rat bites something.
You hit the kobold.
You kill the kobold!
A goblin comes into view. It is wielding a +0 dagger.
You slash the rat!
You kill the rat!
Items here: ( )) †.
The goblin hits you with a +0 dagger.
You barely miss the goblin. The goblin closely misses you.
You miss the goblin. The goblin hits you but does no damage.
You miss the goblin. The goblin misses you.
You slash the goblin!
You kill the goblin!
No target in view!
No target in view!
No target in view!
You now have 11 gold pieces.
Items here: ( )) †.
There is a faded altar of an unknown god, spattered with blood here.
You cannot tell which god this altar belongs to.
Convert to them anyway?
Uppercase [Y]es or [N]o only, please.
You cannot tell which god this altar belongs to.
Convert to them anyway?
Zin accepts your prayer! Zin welcomes you!
You pay a tithe of 1 gold.
You can now donate money to Zin.
You can now recite Zin's Axioms of Law.
Items here: ( )) †.
Things that are here:
a +0 dagger; a goblin corpse Are you sure you want to abandon this character and quit the game? (Confirm with "yes".)

###.♣...# ...#
..♣P...#
♣P♣_P♣###.#
#♣P.♣)♣....#
#.♣P...###########
##...............
#.#....)....###
#...........#
###.....@...#
#.........#
#.........#
#.........#
#...........
#............
#.............
#######........
........


There were no monsters in sight!

Vanquished Creatures
  A dart slug (D:1)
  2 ball pythons (D:1)
  An endoplasm (D:1)
  A goblin (D:1)
  2 kobolds (D:1)
  A rat (D:1)
8 creatures vanquished.

Vanquished Creatures (others)
  A withered plant (D:1)
1 creature vanquished.

Grand Total: 9 creatures vanquished

Notes
Turn   | Place    | Note
-------+----------+-------------------------------------------
     0 | D:1      | clackabat the Barachi Gladiator began the quest for the
                  | Orb.
     0 | D:1      | Reached XP level 1. HP: 17/17 MP: 1/1
    32 | D:1      | Reached skill level 4 in Long Blades
   121 | D:1      | Reached XP level 2. HP: 23/23 MP: 2/2
   134 | D:1      | Found a faded altar of an unknown god.
   162 | D:1      | Prayed at the altar of an unknown god.
   162 | D:1      | Became a worshipper of Zin the Law-Giver
   162 | D:1      | Reached * piety under Zin
   169 | D:1      | Quit the game

Illustrated notes

Levels and vault maps discovered:
D:1:      lightli_molten_gateway, layout_basic,
          ebering_ecumenical_altar_petrified

Skill      XL: |  1 |
---------------+----+-----
Long Blades    | 4 |  4.4
Fighting       | |  2.4
Throwing       | |  2.0
Dodging        | |  3.2

Action                   || total
-------------------------++-------
Melee: Long sword        ||    19
Armor: Leather armour    ||     6
Dodge: Dodged            ||     9
